AoeStats
← scoop

Black Forest

510221058Analyzed
4v4 RM · 11h ago on Sep 30, 2026· 46m 12s· 8 players
Game mode
Random Map
Map size
Large (8 player)
Population
200
Speed
Normal
Resources
Standard
Victory
Conquest
Starting age
Dark Age
Ending age
Imperial Age
RankedLock teamsTeams togetherTeam positionsShared explorationLock speedFull tech treeHidden civsTurbo modeCheats
Victory
Defeat
🇲🇽 Dravidians · Mexico
1655
+14
🇩🇪 Lithuanians · Germany
1647
+14
🇨🇱 Berbers · Chile
1572
+17
🇲🇽 Persians · Mexico
1566
+17
🇺🇸 Varangians · United States
1617
-16
🇦🇷 Persians · Argentina
1615
-16
🇮🇳 Bohemians · India
1615
-16
🇻🇳 Khmer · Vietnam
1572
-14
scoop
11:18 Feudal Age
14:56 Castle Age
13:03 Double-Bit Axe
13:30 Fishing Lines
15:47 Bow Saw
15:48 Fishing Lines
19:36 Gillnets
21:09 Horse Collar
21:46 Loom
23:08 Heavy Plow
23:44 Stone Mining
23:49 Gold Mining
26:50 Wheelbarrow
29:10 Imperial Age
27:13 Treadmill Crane
28:00 Scale Barding Armor
28:06 Forging
28:12 Hand Cart
28:10 Bloodlines
28:01 Husbandry
29:07 Town Watch
29:43 Chain Barding Armor
30:15 Iron Casting
29:31 Fletching
30:13 Conscription
29:42 Capped Ram
29:46 Elite Jarl
31:29 Caravan
32:24 Plate Barding Armor
31:48 Siege Ram
34:39 Two-Man Saw
34:10 Crop Rotation
34:22 Coinage
34:51 Masonry
37:12 Architecture
37:02 Ballistics
39:33 Blast Furnace
40:02 Fletching
42:15 Chemistry
41:34 Bodkin Arrow
42:46 Guilds
Bandolero
10:39 Feudal Age
14:51 Castle Age
13:02 Double-Bit Axe
16:22 Bow Saw
21:04 Horse Collar
21:18 Fishing Lines
23:23 Wheelbarrow
22:55 Gillnets
25:58 Hand Cart
25:28 Town Watch
26:57 Stone Mining
27:18 Gold Mining
28:27 Stone Shaft Mining
30:31 Imperial Age
29:16 Gold Shaft Mining
29:15 Scale Barding Armor
29:21 Forging
30:19 Chain Barding Armor
30:20 Fletching
31:29 Iron Casting
32:24 Chemistry
31:41 Bloodlines
31:34 Husbandry
31:16 Elite War Elephant
32:17 Conscription
32:37 Caravan
33:45 Plate Barding Armor
34:11 Blast Furnace
37:16 Ballistics
37:07 Masonry
36:21 Onager
39:46 Fervor
41:16 Pikeman
41:56 Squires
41:58 Scale Mail Armor
42:33 Halberdier
45:26 Chain Mail Armor
45:02 Fletching
45:12 Light Cavalry
45:36 Elite Skirmisher
46:20 Padded Archer Armor
kerwin
0:32 Loom
1:50 Loom
10:41 Feudal Age
11:50 Double-Bit Axe
18:51 Castle Age
16:59 Horse Collar
18:56 Wheelbarrow
19:47 Bow Saw
20:08 Heavy Plow
31:13 Imperial Age
29:10 Hand Cart
30:18 Chemistry
33:00 Two-Man Saw
31:53 Town Watch
32:29 Scale Mail Armor
32:40 Forging
33:26 Chain Mail Armor
33:33 Conscription
32:35 Pikeman
33:16 Squires
33:01 Arson
34:20 Iron Casting
34:52 Plate Mail Armor
33:52 Halberdier
34:46 Wagenburg Tactics
34:45 Houfnice
35:42 Siege Engineers
35:59 Ballistics
41:19 Caravan
42:20 Blast Furnace
42:55 Coinage
Viet Nam Strategy
0:40 Loom
12:22 Feudal Age
12:57 Double-Bit Axe
13:14 Horse Collar
15:44 Castle Age
14:44 Gold Mining
14:45 Stone Mining
16:06 Wheelbarrow
16:47 Bow Saw
19:38 Hand Cart
21:30 Heavy Plow
29:06 Imperial Age
27:45 Gold Shaft Mining
28:13 Stone Shaft Mining
28:34 Ballistics
28:08 Fletching
28:19 Padded Archer Armor
29:14 Bodkin Arrow
29:07 Elite Ballista Elephant
30:26 Double Crossbow
30:31 Husbandry
31:03 Bracer
31:19 Leather Archer Armor
32:14 Chemistry
31:39 Bloodlines
31:53 Conscription
32:24 Crop Rotation
33:13 Ring Archer Armor
EL MAYA
1:04 Loom
11:51 Feudal Age
13:23 Double-Bit Axe
16:42 Castle Age
17:46 Bow Saw
17:53 Horse Collar
20:22 Heavy Plow
22:23 Wheelbarrow
23:48 Hand Cart
24:24 Gold Mining
27:53 Ballistics
30:18 Imperial Age
29:02 Ballistics
29:11 Fletching
29:22 Padded Archer Armor
29:50 Thumb Ring
29:47 Bodkin Arrow
31:09 Bracer
32:26 Two-Man Saw
32:35 Chemistry
31:05 Elite Elephant Archer
32:43 Leather Archer Armor
32:54 Conscription
33:29 Medical Corps
34:19 Scale Mail Armor
34:52 Ring Archer Armor
34:22 Scale Mail Armor
34:33 Forging
34:23 Town Watch
34:46 Pikeman
35:12 Gambesons
35:13 Arson
35:39 Husbandry
36:46 Chain Mail Armor
39:33 Plate Mail Armor
38:27 Halberdier
39:31 Wootz Steel
41:25 Iron Casting
43:05 Blast Furnace
44:40 Squires
VX | Obligame Perro!
10:45 Feudal Age
14:11 Castle Age
12:28 Double-Bit Axe
15:35 Bow Saw
18:55 Fishing Lines
21:07 Horse Collar
23:28 Wheelbarrow
23:45 Gillnets
24:06 Stone Mining
25:16 Hand Cart
29:31 Imperial Age
26:51 Loom
27:27 Gold Mining
27:43 Scale Barding Armor
28:15 Forging
29:16 Chain Barding Armor
29:08 Bloodlines
28:58 Husbandry
30:56 Two-Man Saw
29:20 Elite War Elephant
30:20 Conscription
31:16 Gold Shaft Mining
31:21 Plate Barding Armor
32:13 Iron Casting
32:44 Chemistry
32:29 Light Cavalry
36:14 Blast Furnace
34:36 Hussar
36:28 Fletching
36:41 Heavy Plow
37:18 Stone Shaft Mining
40:52 Caravan
46:24 Scale Mail Armor
46:25 Padded Archer Armor
AticAtac
11:18 Feudal Age
14:58 Castle Age
13:15 Double-Bit Axe
14:03 Gold Mining
14:55 Bloodlines
21:16 Fishing Lines
25:09 Wheelbarrow
24:48 Horse Collar
25:31 Bow Saw
25:34 Heavy Plow
28:02 Hand Cart
31:35 Imperial Age
29:48 Scale Barding Armor
29:36 Stone Mining
30:11 Forging
30:51 Loom
31:27 Chain Barding Armor
31:44 Husbandry
32:44 Stone Shaft Mining
33:29 Chemistry
32:59 Conscription
34:08 Plate Barding Armor
34:09 Iron Casting
33:18 Elite Leitis
34:44 Hoardings
35:58 Fletching
38:17 Light Cavalry
39:01 Caravan
39:52 Masonry
43:21 Guilds
45:06 Cavalier
letmebelieve
3:41 Loom
9:27 Feudal Age
9:31 Man-at-Arms
16:21 Double-Bit Axe
16:18 Horse Collar
22:38 Castle Age
22:55 Gold Mining
23:49 Bow Saw
24:06 Heavy Plow
25:10 Wheelbarrow
31:59 Imperial Age
29:25 Stone Mining
30:23 Ballistics
30:55 Fletching
30:47 Treadmill Crane
31:53 Hand Cart
32:37 Stone Shaft Mining
32:35 Bodkin Arrow
32:33 Elite Camel Archer
33:58 Kasbah
34:56 Conscription
35:18 Bracer
36:57 Chemistry
35:59 Padded Archer Armor
37:42 Leather Archer Armor
Connection lost

Rejoining the realm…

Still unreachable

The connection could not be restored.

Session expired

The server has moved on; the page needs a fresh start.